 Dungeon Crawl Stone Soup version 0.20.1-1-g8b1a95d (webtiles) character file.

103917 letownia2 the Cleaver (level 15, 74/140 HPs)
             Began as a Deep Dwarf Necromancer on Nov 2, 2017.
             Was an Initiate of Gozag.
             Quit the game on level 2 of the Lair of Beasts.
             The game lasted 01:58:36 (29278 turns).

letownia2 the Cleaver (Deep Dwarf Necromancer)     Turns: 29278, Time: 01:58:37

Health: 74/140     AC: 24    Str: 16    XL:     15   Next: 90%
Magic:  49/49      EV: 12    Int: 23    God:    Gozag
Gold:   867        SH:  0    Dex: 13    Spells: 9/36 levels left

rFire    . . .     SeeInvis .   a - +1 broad axe (chop)
rCold    . . .     Gourm    .   (no shield)
rNeg     + + .     Faith    .   Y - +3 scale mail
rPois    .         Spirit   .   J - +3 hat of Pondering {ponderous, MR+ MP+10 Int+5}
rElec    .         Reflect  .   M - +2 cloak
rCorr    .         Harm     .   E - +2 pair of gloves
MR       ++++.                  l - +1 pair of boots of the Other Side {rN+}
Stlth    +.........             m - amulet of rage
Regen    0.0/turn               G - ring of protection from magic
MPRegen  0.4/turn               n - ring of magical power

@: non-regenerating, slow
A: damage resistance, heal wounds, negative energy resistance 1, sense
surroundings 2, no regeneration
a: Heal Wounds, Potion Petition, Call Merchant, Bribe Branch, Renounce Religion,
Evoke Berserk Rage


You were on level 2 of the Lair of Beasts.
You worshipped Gozag.
Gozag was pleased with you.
You were not hungry.

You visited 4 branches of the dungeon, and saw 24 of its levels.
You also visited: Sewer.

You collected 9571 gold pieces.
You spent 285 gold pieces at shops.
You paid 8419 gold pieces to Gozag.

Inventory:

Hand Weapons
 a - a +1 broad axe of chopping (weapon)
 k - a +3 spear of venom
 o - a +2 longbow of flaming
 q - a +1 battleaxe of freezing
 K - the +6 great mace of Focus {elec, rF+}
   (You found it on level 6 of the Lair of Beasts)

   Occasionally, upon striking a foe, it will discharge some electrical energy
   and cause terrible harm.
   It protects you from fire.
Missiles
 F - 38 poisoned needles
 O - 112 arrows
 S - 5 javelins (quivered)
 W - a throwing net
Armour
 i - a +0 chain mail of fire resistance
 l - the +1 pair of boots of the Other Side (worn) {rN+}
   (You bought it in a shop on level 2 of the Lair of Beasts)

   It protects you from negative energy.
 C - the +0 leather armour of Terror {rElec rF+++ rCorr Str-4}
   (You found it on level 1 of the Lair of Beasts)

   It affects your strength (-4).
   It renders you almost immune to fire.
   It insulates you from electricity.
   It protects you from acid and corrosion.
 E - a +2 pair of gloves (worn)
 J - the +3 hat of Pondering (worn) {ponderous, MR+ MP+10 Int+5}
   (You took it off Gastronok on level 1 of the Lair of Beasts)

   It affects your intelligence (+5).
   It affects your resistance to hostile enchantments.
   It affects your magic capacity (+10).
 M - a +2 cloak (worn)
 Y - a +3 scale mail (worn)
Jewellery
 m - an amulet of rage (around neck)
 n - a ring of magical power (right hand)
 w - an uncursed ring of protection from cold
 G - a ring of protection from magic (left hand)
 L - an uncursed ring of protection from cold
Wands
 c - a wand of acid (4/15)
 y - a wand of confusion (22/48)
 B - a wand of digging (17/24)
 V - a wand of disintegration (15/24)
 Z - a wand of iceblast (4/15)
Scrolls
 d - a scroll of blinking
 g - 2 scrolls of fear
 h - 4 scrolls of magic mapping
 v - 7 scrolls of teleportation
 x - 4 scrolls of remove curse
 z - a scroll of immolation
 Q - 3 scrolls of fog
 T - 6 scrolls of recharging
Potions
 e - 6 potions of agility
 j - 2 potions of ambrosia
 p - 3 potions of might
 r - 6 potions of mutation
 s - 5 potions of lignification
 u - 2 potions of flight
 A - 4 potions of haste
 D - 3 potions of cancellation
 H - 5 potions of curing
 I - 4 potions of heal wounds
 P - 4 potions of resistance
 R - 6 potions of brilliance
 U - 2 potions of magic
Miscellaneous
 f - a phial of floods
Comestibles
 N - 12 meat rations


   Skills:
 - Level 10.9 Fighting
 + Level 14.5 Axes
 + Level 10.2 Armour
 - Level 5.0 Dodging
 - Level 2.4 Stealth
 + Level 11.1 Spellcasting
 - Level 3.8 Conjurations
 - Level 13.8 Necromancy
 - Level 2.0 Fire Magic
 - Level 4.0 Air Magic
 - Level 2.1 Poison Magic
 - Level 8.1 Evocations


You had 9 spell levels left.
You knew the following spells:

 Your Spells              Type           Power        Failure   Level  Hunger
a - Pain                  Necr           ####         1%          1    None
b - Summon Butterflies    Summ           ##......     14%         1    None
c - Conjure Flame         Conj/Fire      ####....     12%         3    None
e - Mephitic Cloud        Conj/Pois/Air  ####....     11%         3    None
i - Silence               Hex/Air        ###.......   86%         5    ####...
q - Poisonous Vapours     Pois/Air       ####..       6%          2    None
r - Deflect Missiles      Chrm/Air       ###.......   100%        6    #####..
v - Vampiric Draining     Necr           ######....   1%          3    None
x - Inner Flame           Hex/Fire       ###.....     26%         3    None


Dungeon Overview and Level Annotations

Branches:
Dungeon (15/15)            Temple (1/1) D:5            Lair (6/6) D:8
  Swamp (0/4) Lair:4       Spider (0/4) Lair:2        Slime (0/5) Lair:6
    Orc (2/2) D:12            Elf (0/3) Orc:2        Vaults (0/5) D:13
 Depths (0/5) D:15

Altars:
Ashenzari
Cheibriados
Elyvilon
Fedhas
Gozag
Hepliaklqana
Kikubaaqudgha
Makhleb
Nemelex Xobeh
Okawaru
Qazlal
Ru
Sif Muna
Trog
Uskayaw
Xom
Yredelemnul
Zin
Beogh

Shops:
D:8 [   D:9 }[   D:10 ?   D:11 ((*   D:13 }*(   Orc:1 :   Orc:2 *([*
Lair:2 [(([[

Portals:
Trove: D:12 (give 2 scrolls of acquirement)

Annotations:
D:4 letownia2's ghost, amateur DDNe
D:7 letownia2's ghost, novice DDNe
Lair:2 exclusion: oklob plant


Innate Abilities, Weirdness & Mutations

You are resistant to damage.
You can heal yourself by infusing magical energy.
You resist negative energy. (rN+)
You passively map the area around you.
You do not regenerate.


Message History

(N) Spider Nest (M) Slime Pits (O) Orcish Mines (E) Elven Halls (V) Vaults (U) Depths
Where to? (Enter - Lair:2 @ (x,y), ? - help)
Okay, then.
Put on which piece of jewellery? (? for menu, Esc to quit)
Okay, then.
Wear which item? (? for menu, Esc to quit)
Okay, then.
Unknown command.
There is an entrance to Kekky's Antique Armour Emporium here.
Unknown command.
(D) Dungeon (T) Temple (L) Lair (S) Swamp (N) Spider Nest (M) Slime Pits (O) Orcish Mines (E) Elven Halls (V) Vaults (U) Depths
Where to? (Enter - Lair:2 @ (x,y), ? - help)
Okay, then.
Search for what [Enter for "axe", or ? for help]? pois Put on which piece of jewellery? (? for menu, Esc to quit)
Okay, then.
Are you sure you want to abandon this character and quit the game? (Confirm with "yes".)

..P.P............................
......................[..........
.................................
.........................>.......
......####.....####.+##......####
...#..#P###P...#......#.....##
..##.......P...∩<.....#.....#####
..##...........∩∩[....#......##..
..##...........#@∩..........###..
..##.......#...#......P......###.
................###.##.......####
..##..#.#.##................###..
...##.###........................
.P...............................
PP###..#####.########.#########.#
### #### ### ### ###


There were no monsters in sight!

Vanquished Creatures
  Saint Roka (Orc:2)
  Gastronok (Lair:1)
  An orc warlord (Orc:2)
  Nessos (D:12)
  Azrael (D:13)
  Snorg (D:13)
  A fire dragon (D:15)
  8 hydras
  Erolcha (D:10)
  An ice dragon (D:15)
  3 centaur warriors
  8 two-headed ogres
  An ogre mage (D:13)
  An orc high priest (Orc:2)
  A queen ant (Lair:2)
  6 death yaks (Lair:5)
  The ghost of Ymberto the Destroyer, a novice DEFE of Sif Muna (D:8)
  An unseen horror (D:14)
  A lindwurm (Lair:5)
  Pikel (D:7)
  3 orc knights (Orc:1)
  A wolf spider zombie (D:15)
  9 orc sorcerers
  2 deep elf magi
  11 ugly things
  2 manticores
  5 cyclopes
  8 elephants (Lair:5)
  Maurice (D:13)
  3 black mambas
  Joseph (D:8)
  A gargoyle (D:11)
  11 spiny frogs
  3 rime drakes
  An efreet (D:14)
  8 komodo dragons
  6 kobold demonologists
  A harpy zombie (D:15)
  11 trolls
  A queen bee (Lair:5)
  3 hornets (Lair:6)
  3 meliai (Lair:5)
  4 polar bears (Lair:6)
  A tyrant leech (Lair:4)
  11 hippogriffs
  A blink frog (Lair:5)
  4 slime creatures
  12 dream sheep
  15 spriggans (Lair:6)
  3 vampires
  Sigmund (D:4)
  4 fire elementals (D:13)
  45 yaks
  2 wyverns
  A wraith (D:14)
  2 hungry ghosts
  5 basilisks
  Grum (Lair:1)
  10 wargs
  2 acid dragons
  19 soldier ants (Lair:2)
  9 porcupines
  Duvessa (D:6)
  3 hell hounds (D:13)
  11 water moccasins
  A hornet zombie (D:13)
  4 ice beasts
  38 orc warriors
  4 slaves
  An eye of draining (D:14)
  5 sky beasts
  5 black bears
  14 ogres
  4 phantoms
  12 boggarts
  A necrophage (D:12)
  40 wolves
  12 centaurs
  9 crocodiles
  15 bullfrogs
  7 big kobolds
  Blork the orc (D:5)
  2 gnoll sergeants
  Dowan (D:6)
  7 scorpions
  5 wights
  39 killer bees
  An electric eel (Lair:3)
  A howler monkey (D:12)
  2 bullfrog zombies
  9 crimson imps
  2 centaur zombies
  A quasit (D:8)
  38 orc wizards
  2 bullfrog skeletons (D:7)
  26 orc priests
  A hound (D:11)
  4 iguanas
  2 jellies
  2 centaur skeletons
  Crazy Yiuf (D:7)
  29 worker ants
  A killer bee zombie (D:6)
  A howler monkey zombie (D:9)
  11 gnolls
  10 adders
  2 river rats
  3 shadow imps
  An ooze (D:1)
  3 adder skeletons
  2 worms
  2 dart slugs (D:1)
  8 leopard geckos
  121 orcs
  6 bats
  4 giant cockroaches
  7 goblins
  4 hobgoblins
  17 jackals
  2 quokkas
  4 ball pythons
  6 frilled lizards
  19 kobolds
  6 rats
891 creatures vanquished.

Vanquished Creatures (collateral kills)
  A worker ant (Lair:2)
1 creature vanquished.

Vanquished Creatures (others)
  A soldier ant (Lair:2)
  An orc wizard (D:8)
  13 fungi
  5 plants
20 creatures vanquished.

Grand Total: 912 creatures vanquished

Notes
Turn   | Place    | Note
-------+----------+-------------------------------------------
     0 | D:1      | letownia2 the Deep Dwarf Necromancer began the quest for the Orb.
     0 | D:1      | Reached XP level 1. HP: 15/15 MP: 3/3
   134 | D:1      | Reached XP level 2. HP: 22/22 MP: 0/5
   270 | D:2      | Reached skill level 5 in Necromancy
   510 | D:4      | Noticed letownia2's ghost (amateur DDNe)
   681 | D:3      | Reached XP level 3. HP: 28/28 MP: 6/6
   686 | D:3      | Learned a level 3 spell: Vampiric Draining
   997 | D:4      | Noticed Sigmund
  1016 | D:4      | Killed Sigmund
  1016 | D:4      | Reached XP level 4. HP: 14/36 MP: 0/8
  1016 | D:4      | Reached XP level 5. HP: 16/42 MP: 0/9
  1650 | D:5      | Entered Level 5 of the Dungeon
  1654 | D:5      | Reached XP level 6. HP: 30/49 MP: 11/11
  1820 | D:5      | Found a glowing drain.
  1977 | D:5      | Found a staircase to the Ecumenical Temple.
  1985 | Temple   | Entered the Ecumenical Temple
  2015 | Temple   | Became a worshipper of Gozag Ym Sagoz the Greedy
  2064 | D:5      | Noticed Blork the orc
  2072 | D:5      | Killed Blork the orc
  2123 | Sewer    | Entered a sewer
  2197 | Sewer    | Reached skill level 1 in Armour
  2209 | Sewer    | Reached skill level 1 in Fighting
  2209 | Sewer    | Reached XP level 7. HP: 51/57 MP: 6/13
  2233 | Sewer    | Found a white marble altar of Elyvilon.
  2360 | D:5      | Got a warped rapier {pierce}
  2361 | D:5      | Identified the cursed +1 rapier "Dragonslayer" {pierce, Dex+2} (You took it off a gnoll on level 5 of the Dungeon)
  4758 | D:7      | Reached skill level 1 in Evocations
  4758 | D:7      | Reached XP level 8. HP: 40/68 MP: 11/15
  4816 | D:7      | Learned a level 3 spell: Conjure Flame
  4820 | D:7      | Learned a level 3 spell: Mephitic Cloud
  4823 | D:7      | Learned a level 2 spell: Poisonous Vapours
  4853 | D:7      | Noticed Pikel
  5006 | D:7      | Reached skill level 5 in Spellcasting
  5080 | D:7      | Noticed Dowan
  5090 | D:7      | Noticed Duvessa
  5141 | D:7      | Noticed letownia2's ghost (novice DDNe)
  5150 | D:6      | Killed Dowan
  5151 | D:6      | Killed Duvessa
  5151 | D:6      | Reached skill level 1 in Conjurations
  5151 | D:6      | Reached skill level 1 in Fire Magic
  5151 | D:6      | Reached skill level 1 in Air Magic
  5151 | D:6      | Reached skill level 1 in Poison Magic
  5385 | D:7      | Killed Pikel
  5385 | D:7      | Gained mutation: You passively map the area around you. [Deep Dwarf growth]
  5385 | D:7      | Reached XP level 9. HP: 66/74 MP: 10/17
  5454 | D:7      | Found a shimmering altar of Xom.
  5874 | D:7      | Found a runed door.
  5878 | D:7      | Noticed Crazy Yiuf
  5883 | D:7      | Killed Crazy Yiuf
  5989 | D:8      | Noticed Ymberto's ghost (novice DEFE)
  6185 | D:8      | Found a staircase to the Lair.
  6480 | D:8      | Noticed Joseph
  6498 | D:8      | Killed Joseph
  7036 | D:9      | Reached XP level 10. HP: 71/82 MP: 11/20
  7376 | D:9      | Noticed a centaur warrior
  7401 | D:9      | Killed a centaur warrior
  7401 | D:9      | Reached skill level 5 in Armour
  7780 | D:9      | Found Tuew's Armour Shoppe.
  7934 | D:9      | Noticed a two-headed ogre
  7947 | D:9      | Killed a two-headed ogre
  8006 | D:9      | Found Qaumoh's Gadget Emporium.
  8056 | D:9      | Reached skill level 5 in Fighting
  8120 | D:10     | Entered Level 10 of the Dungeon
  8120 | D:10     | Noticed a deep elf mage
  8133 | D:10     | Killed a deep elf mage
  8141 | D:9      | Reached XP level 11. HP: 49/96 MP: 6/23
  8235 | D:10     | Found Egyt's Magic Scroll Boutique.
  8486 | D:10     | Reached skill level 10 in Necromancy
  8542 | D:10     | Noticed Erolcha
  8620 | D:10     | Killed Erolcha
  8661 | D:10     | Noticed a two-headed ogre
  8683 | D:10     | Killed a two-headed ogre
  9208 | D:11     | Got a brightly glowing quarterstaff
  9209 | D:11     | Identified the +1 quarterstaff of Kyruv {drain, rElec MR- Dex+5 Stlth+} (You found it on level 11 of the Dungeon)
  9563 | D:11     | Found Qimusauju's General Store.
  9832 | D:11     | You fall through a shaft for 2 floors!
 10101 | D:13     | Found Uceag's Gadget Shoppe.
 10211 | D:13     | Found a gate to the Vaults.
 10220 | D:13     | Noticed an ogre mage
 10316 | D:12     | Found a staircase to the Orcish Mines.
 10334 | D:13     | Noticed a two-headed ogre
 10347 | D:13     | Noticed Snorg
 10385 | D:13     | Killed a two-headed ogre
 10448 | D:13     | Killed Snorg
 10565 | D:13     | Noticed a two-headed ogre
 10571 | D:13     | Found Vagec's Weapon Shop.
 11143 | D:12     | Noticed a two-headed ogre
 11170 | D:12     | Killed a two-headed ogre
 11170 | D:12     | Reached XP level 12. HP: 62/106 MP: 2/25
 11638 | D:12     | Noticed a two-headed hydra
 11645 | D:12     | Killed a two-headed hydra
 11686 | D:12     | Found a portal to a secret trove of treasure.
 11805 | D:12     | Noticed Nessos
 12424 | D:12     | Killed Nessos
 12499 | D:12     | Noticed a five-headed hydra
 12546 | D:12     | Killed a five-headed hydra
 13003 | D:8      | Killed Ymberto's ghost
 13027 | Lair:1   | Entered Level 1 of the Lair of Beasts
 13301 | Lair:1   | Noticed Gastronok
 13437 | Lair:1   | Killed Gastronok
 13437 | Lair:1   | Reached skill level 10 in Fighting
 13673 | Lair:1   | Noticed a six-headed hydra
 13681 | Lair:1   | Killed a six-headed hydra
 13792 | Lair:1   | Noticed Grum
 13822 | Lair:1   | Killed Grum
 13861 | Lair:1   | Reached XP level 13. HP: 79/124 MP: 23/26
 13921 | Lair:1   | Got a polished leather armour
 13932 | Lair:1   | Identified the +0 leather armour of Terror {rElec rF+++ rCorr Str-4} (You found it on level 1 of the Lair of Beasts)
 14897 | Lair:2   | Found a hole to the Spider Nest.
 16063 | Orc:1    | Entered Level 1 of the Orcish Mines
 16107 | Orc:1    | Found Reoliazu's Book Boutique.
 16487 | Orc:1    | Reached skill level 5 in Evocations
 16764 | Orc:1    | Found a roughly hewn altar of Beogh.
 17087 | Orc:2    | Entered Level 2 of the Orcish Mines
 17266 | Orc:2    | Found a burning altar of Makhleb.
 17319 | Orc:2    | Noticed Saint Roka
 17562 | Orc:2    | Found a roughly hewn altar of Beogh.
 17601 | Orc:2    | Found Iromoes's General Store.
 17753 | Orc:2    | Found a roughly hewn altar of Beogh.
 17874 | Orc:2    | Found a roughly hewn altar of Beogh.
 17895 | Orc:2    | Found a roughly hewn altar of Beogh.
 17943 | Orc:2    | Reached skill level 1 in Axes
 17953 | Orc:2    | Noticed an orc warlord
 18002 | Orc:2    | Killed an orc warlord
 18002 | Orc:2    | Reached skill level 2 in Axes
 18239 | Orc:2    | Reached skill level 3 in Axes
 18447 | Orc:2    | Found a staircase to the Elven Halls.
 18473 | Orc:2    | Gained mutation: You resist negative energy. (rN+) [Deep Dwarf growth]
 18473 | Orc:2    | Reached XP level 14. HP: 127/133 MP: 27/27
 18609 | Orc:2    | Found a roughly hewn altar of Beogh.
 18697 | Orc:2    | Found Jainkeibay's Assorted Antiques.
 19011 | Orc:2    | Reached skill level 5 in Dodging
 19068 | Orc:2    | Reached skill level 4 in Axes
 19127 | Orc:2    | Found Qaubataj's Antique Weapon Boutique.
 19128 | Orc:2    | Found a roughly hewn altar of Beogh.
 19131 | Orc:2    | Found Daucsacs's Antique Armour Shop.
 20047 | Lair:3   | Reached skill level 5 in Axes
 20775 | Lair:4   | Reached skill level 6 in Axes
 21122 | Lair:4   | Learned a level 1 spell: Summon Butterflies
 21270 | Lair:4   | Reached skill level 7 in Axes
 21305 | Lair:4   | Found a staircase to the Swamp.
 22123 | Lair:5   | Reached skill level 8 in Axes
 22507 | Lair:5   | Reached skill level 9 in Axes
 22916 | Lair:5   | Reached skill level 10 in Axes
 23580 | Lair:5   | Reached skill level 11 in Axes
 23762 | Lair:6   | Entered Level 6 of the Lair of Beasts
 24022 | Lair:6   | Reached skill level 12 in Axes
 24177 | Lair:6   | Found a staircase to the Slime Pits.
 24394 | Lair:6   | Reached XP level 15. HP: 136/140 MP: 1/28
 24783 | Lair:6   | Reached skill level 13 in Axes
 25096 | Lair:6   | Got a pitted great mace
 25097 | Lair:6   | Identified the +6 great mace of Focus {elec, rF+} (You found it on level 6 of the Lair of Beasts)
 25104 | Lair:6   | Learned a level 5 spell: Silence
 25111 | Lair:6   | Learned a level 6 spell: Deflect Missiles
 25482 | Lair:6   | Reached skill level 10 in Spellcasting
 25645 | Lair:2   | Identified a scroll of acquirement
 25847 | Orc:2    | Killed Saint Roka
 26259 | D:14     | Learned a level 3 spell: Inner Flame
 26796 | D:14     | Reached skill level 14 in Axes
 27348 | D:13     | Found Zottufo's General Store.
 27374 | D:13     | Noticed Azrael
 27431 | D:13     | Killed Azrael
 27488 | D:13     | Noticed Maurice
 27895 | D:13     | Killed Maurice
 28238 | D:15     | Entered Level 15 of the Dungeon
 28259 | D:15     | Reached skill level 10 in Armour
 28583 | D:15     | Found a shimmering altar of Xom.
 28691 | D:15     | Found a staircase to the Depths.
 29262 | Lair:2   | Bought a pair of polished boots for 285 gold pieces
 29272 | Lair:2   | Identified the +1 pair of boots of the Other Side {rN+} (You bought it in a shop on level 2 of the Lair of Beasts)
 29278 | Lair:2   | Quit the game

Skill      XL: |  1  2  3  4  5  6  7  8  9 10 11 12 13 14 15 |
---------------+----------------------------------------------+-----
Spellcasting   | 2 3 4 5 7 8 9 11 | 11.1
Necromancy     | 5 6 7 8 9 12 13 | 13.8
Armour         | 1 3 4 5 9 10 | 10.2
Fighting       | 1 2 5 6 10 | 10.9
Evocations     | 1 2 8 |  8.1
Conjurations   | 2 3 |  3.8
Fire Magic     | 1 2 |  2.0
Air Magic      | 1 4 |  4.0
Poison Magic   | 1 2 |  2.1
Dodging        | 4 5 |  5.0
Axes           | 3 12 14 | 14.5
Stealth        | |  2.4

Action                   |  1- 3 |  4- 6 |  7- 9 | 10-12 | 13-15 || total
-------------------------+-------+-------+-------+-------+-------++-------
Melee: Unarmed           |     5 |       |       |       |       ||     5
       Short sword       |     1 |     4 |       |       |       ||     5
       Rapier            |       |       |   172 |       |       ||   172
       Dagger            |       |       |    67 |   139 |    18 ||   224
       Whip              |       |       |    24 |       |       ||    24
       Spear             |       |       |       |   199 |   617 ||   816
       Scythe            |       |       |       |    29 |       ||    29
       Quarterstaff      |       |       |       |     9 |       ||     9
       Broad axe         |       |       |       |       |   551 ||   551
       Great mace        |       |       |       |       |     1 ||     1
 Fire: Blowgun           |       |       |       |    32 |       ||    32
       Longbow           |       |       |       |     8 |     4 ||    12
Throw: Javelin           |       |       |       |    39 |     4 ||    43
 Cast: Pain              |    42 |    60 |   153 |    60 |    28 ||   343
       Vampiric Draining |     5 |    25 |    97 |   231 |   597 ||   955
       Conjure Flame     |       |       |       |    68 |    94 ||   162
       Mephitic Cloud    |       |       |       |    25 |    60 ||    85
       Poisonous Vapours |       |       |       |    37 |   113 ||   150
       Summon Butterflie |       |       |       |       |     1 ||     1
Invok: Call Merchant     |       |       |     1 |     2 |     5 ||     8
 Abil: Evoke Berserk Rag |       |       |       |       |     2 ||     2
Evoke: Wand              |       |       |     1 |    23 |    45 ||    69
  Use: Scroll            |       |     1 |    12 |    15 |    15 ||    43
       Potion            |       |       |     1 |       |     1 ||     2
 Stab: Sleeping          |     1 |       |       |     1 |     2 ||     4
       Distracted        |       |       |     3 |     3 |     5 ||    11
       Confused          |       |       |       |     4 |    27 ||    31
       Paralysed         |       |       |       |       |    15 ||    15
  Eat: Chunk             |     1 |     6 |     5 |       |       ||    12
       Royal jelly       |       |       |     2 |     4 |     8 ||    14
       Meat ration       |       |       |     3 |     2 |     2 ||     7
       Fruit             |       |       |       |     3 |    35 ||    38
       Bread ration      |       |       |       |       |     1 ||     1
Armor: Robe              |     4 |       |       |       |       ||     4
       Leather armour    |    11 |    11 |       |       |       ||    22
       Ring mail         |       |     4 |    88 |   222 |   272 ||   586
       Scale mail        |       |     2 |    36 |       |   531 ||   569
       Skin              |       |       |    19 |    11 |       ||    30
       Chain mail        |       |       |       |       |   152 ||   152
Dodge: Dodged            |    19 |    21 |   206 |   306 |   857 ||  1409
Block: Other             |       |       |       |       |     3 ||     3
